Map: Disco Bloodbath LE

Players

Kelazhur - Winner!

  • Race: Terran Terran
  • Spawn Location: 9:00

Denver

  • Race: Zerg Zerg
  • Spawn Location: 3:00

VOD

Have the link to the VOD?

Description

Time

  • Played on: Sept. 7, 2019, 10:26 a.m.
  • Length: 15:37
Show
View Real Time Build Order
Export as new Build Order

Kelazhur Terran - Winner!

Build Orders: Reaper Expand, Mech 

Get SALT Encoding   

  12  0:00  SCV  
  13  0:12  SCV  
  14  0:16  Supply Depot  
  14  0:25  SCV  
  15  0:38  SCV  
  15  0:39  Barracks  
  15  0:42  Refinery  
  16  0:50  SCV  
  17  1:02  SCV  
  18  1:14  SCV  
  19  1:26  Orbital Command, Reaper  
  20  1:38  Command Center  
  20  1:43  Refinery  
  20  1:51  Supply Depot  
  20  1:54  SCV  
  21  1:59  Reaper  
  22  2:06  SCV  
  23  2:15  Factory  
  23  2:18  SCV  
  24  2:30  SCV  
  24  2:31  Barracks Reactor  
  25  2:42  SCV  
  26  2:51  Orbital Command  
  26  2:54  SCV  
  27  3:01  Starport  
  27  3:12  SCV  
  28  3:17  SCV  
  28  3:19  Hellion x2  
  33  3:20  Barracks Tech Lab  
  33  3:24  SCV  
  34  3:29  Supply Depot  
  34  3:30  SCV  
  35  3:36  SCV  
  35  3:39  Viking  
  35  3:41  Fusion Core, Hellion x2  
  41  3:42  SCV  
  41  3:48  SCV  
  43  3:52  Supply Depot  
  43  3:55  SCV  
  44  4:00  SCV  
  45  4:03  Supply Depot  
  45  4:04  Hellion x2  
  45  4:07  SCV  
  50  4:12  SCV  
  51  4:19  SCV  
  51  4:23  Supply Depot  
  52  4:24  SCV  
  52  4:27  Supply Depot  
  52  4:30  Battlecruiser  
  52  4:31  SCV  
  60  4:34  Hellion  
  60  4:36  SCV, Hellion  
  65  4:43  SCV  
  66  4:45  Armory  
  66  4:49  SCV  
  67  4:55  SCV  
  67  4:56  Hellion  
  67  4:57  Supply Depot  
  67  4:58  Hellion  
  72  5:01  SCV  
  72  5:07  SCV  
  72  5:10  Command Center  
  72  5:13  SCV  
  74  5:19  SCV  
  74  5:20  Hellion x2  
  79  5:25  SCV  
  80  5:30  Supply Depot  
  80  5:31  SCV  
  81  5:40  Battlecruiser  
  81  5:42  SCV  
  88  5:44  Hellion x2  
  92  5:54  SCV, Refinery x2  
  93  6:03  SCV  
  94  6:06  Hellion x2  
  94  6:10  Supply Depot  
  94  6:11  Supply Depot, Engineering Bay  
  98  6:16  SCV  
  97  6:22  SCV  
  97  6:23  Factory  
  97  6:24  Factory  
  98  6:28  Hellion x2  
  98  6:30  Orbital Command  
  100  6:34  SCV x2  
  102  6:43  Supply Depot  
  102  6:48  Battlecruiser  
  108  6:55  SCV  
  108  7:00  Orbital Command  
  109  7:08  Factory Tech Lab x2, Hellion x2  
  113  7:09  Weapon Refit  
  113  7:12  SCV x2, Refinery  
  115  7:16  Refinery  
  115  7:20  Supply Depot  
  115  7:22  Supply Depot  
  115  7:24  SCV  
  115  7:28  Command Center  
  119  7:31  SCV, Hellion x2  
  119  7:33  SCV  
  119  7:36  SCV  
  123  7:44  Siege Tank x2  
  123  7:47  SCV  
  123  7:51  Supply Depot  
  130  8:01  Hellion  
  130  8:02  Hellion  
  134  8:13  Battlecruiser  
  134  8:18  SCV x2  
  134  8:19  SCV, Factory x2  
  137  8:30  SCV  
  137  8:31  SCV x2  
  136  8:36  Siege Tank x2, Hellion  
  136  8:37  Hellion  
  136  8:38  Terran Vehicle Weapons Level 1  
  145  8:42  SCV, Supply Depot  
  145  8:43  SCV x2  
  145  8:45  Hellion x4  
  148  8:52  Supply Depot  
  148  8:53  Supply Depot  
  148  8:54  SCV  
  148  8:55  SCV  
  150  8:58  SCV  
  149  9:04  Armory  
  149  9:06  SCV  
  149  9:07  SCV  
  149  9:10  SCV  
  149  9:13  Siege Tank x2  
  149  9:14  Factory Tech Lab x2  
  156  9:18  SCV  
  156  9:19  SCV  
  156  9:22  SCV  
  159  9:24  Hellion x2  
  159  9:30  SCV  
  156  9:37  Battlecruiser  
  156  9:38  SCV  
  130  9:40  SCV  
  113  9:45  SCV  
  113  9:48  Siege Tank  
  113  9:50  SCV  
  113  9:52  SCV  
  111  9:57  Planetary Fortress  
  111  9:58  SCV  
  100  10:03  SCV  
  100  10:04  SCV  
  100  10:05  Siege Tank  
  100  10:06  Siege Tank  
  112  10:07  Hellion x2  
  112  10:10  SCV  
  113  10:15  SCV  
  113  10:16  SCV  
  113  10:18  Siege Tank  
  118  10:22  SCV  
  118  10:27  Siege Tank, SCV  
  118  10:28  SCV  
  111  10:34  SCV  
  107  10:38  Hellion x2  
  107  10:39  SCV  
  107  10:40  SCV  
  107  10:44  SCV  
  107  10:46  SCV  
  107  10:49  Siege Tank x2  
  115  10:51  SCV  
  115  10:52  SCV  
  115  10:55  Refinery  
  115  10:56  Siege Tank, SCV  
  121  10:57  Refinery  
  121  10:58  SCV  
  121  11:00  Hellion  
  121  11:03  SCV  
  123  11:04  SCV  
  123  11:07  Hellion x2  
  123  11:08  SCV  
  123  11:10  SCV  
  130  11:13  Terran Vehicle Weapons Level 2, Siege Tank  
  130  11:15  SCV, Terran Vehicle And Ship Armor Level 1  
  130  11:16  SCV  
  135  11:20  SCV  
  135  11:22  SCV  
  137  11:27  SCV  
  137  11:28  SCV  
  137  11:30  Infernal Pre-Igniter  
  139  11:34  SCV  
  139  11:35  SCV  
  139  11:39  SCV  
  142  11:40  Command Center, SCV  
  142  11:42  Hellion x2  
  142  11:43  Cyclone  
  142  11:45  Mag-Field Accelerator  
  142  11:46  SCV  
  149  11:47  Cyclone, SCV  
  149  11:50  Cyclone  
  149  11:51  SCV  
  149  11:53  SCV  
  158  11:55  Cyclone  
  158  11:59  SCV  
  162  12:04  SCV  
  162  12:05  SCV  
  162  12:06  Battlecruiser  
  162  12:07  Hellion x2  
  174  12:11  SCV  
  175  12:16  SCV  
  175  12:17  SCV  
  177  12:23  SCV  
  177  12:27  Cyclone x2  
  177  12:28  Cyclone x2  
  190  12:31  SCV  
  189  12:41  Hellion  
  189  12:42  Hellion  
  189  12:52  Command Center  
  189  12:56  Missile Turret  
  189  12:57  Refinery  
  182  13:12  Cyclone x2  
  182  13:13  Cyclone x2, Hellion x2  
  182  13:15  Battlecruiser  
  166  13:35  Hellion  
  166  13:37  SCV  
  166  13:38  SCV x2, Starport x2  
  165  13:43  Planetary Fortress  
  165  13:44  Cyclone  
  165  13:45  Cyclone x2  
  174  13:49  SCV  
  174  13:50  SCV x2  
  174  13:51  Cyclone, Missile Turret  
  180  14:00  Hellion x2  
  180  14:05  Refinery  
  180  14:07  Refinery  
  176  14:13  Command Center  
  176  14:15  Sensor Tower  
  176  14:16  Cyclone  
  179  14:17  Sensor Tower  
  179  14:22  Starport Tech Lab  
  178  14:32  Starport Tech Lab  
  178  14:34  Sensor Tower  
  177  14:44  Hellion  
  177  14:45  Hellion  
  187  14:49  Siege Tank x4  
Show
View Real Time Build Order
Export as new Build Order

Denver Zerg 

Build Orders: Hatch First 

Get SALT Encoding   

  12  0:00  Drone  
  13  0:12  Overlord  
  13  0:16  Drone  
  14  0:30  Drone  
  14  0:31  Drone  
  16  0:48  Hatchery  
  15  0:51  Drone  
  15  0:55  Drone  
  17  0:59  Drone  
  18  1:09  Extractor  
  17  1:14  Spawning Pool  
  17  1:18  Drone  
  17  1:20  Drone  
  18  1:29  Drone  
  19  1:39  Drone  
  20  1:49  Drone  
  21  2:01  Queen x2  
  21  2:02  Zergling x4  
  27  2:19  Metabolic Boost, Hatchery  
  26  2:27  Overlord  
  26  2:30  Drone  
  26  2:33  Drone  
  27  2:46  Drone x4  
  27  2:49  Pneumatized Carapace  
  31  2:51  Drone  
  31  2:55  Overlord  
  32  2:58  Drone  
  32  3:05  Spore Crawler  
  32  3:14  Drone x3  
  32  3:18  Drone x2  
  38  3:22  Overlord  
  38  3:24  Drone  
  39  3:28  Queen  
  39  3:31  Zergling x4  
  39  3:32  Zergling x2  
  44  3:39  Queen  
  46  3:43  Zergling x4  
  46  3:44  Drone  
  49  3:49  Drone x3  
  49  3:51  Drone  
  49  3:53  Drone  
  54  4:00  Baneling Nest, Drone  
  54  4:04  Overlord  
  54  4:10  Queen x2  
  54  4:13  Overlord  
  58  4:18  Overlord  
  58  4:21  Overlord  
  58  4:25  Drone x3  
  58  4:29  Overlord  
  58  4:30  Roach Warren  
  60  4:37  Overlord, Drone  
  60  4:38  Drone x2  
  63  4:39  Drone  
  63  4:44  Overlord  
  64  4:48  Lair  
  64  4:54  Drone  
  64  4:55  Drone x5  
  64  4:57  Extractor  
  64  4:58  Extractor  
  68  5:06  Zergling x10  
  68  5:07  Zergling x4  
  75  5:08  Drone  
  75  5:10  Extractor  
  75  5:12  Spore Crawler  
  75  5:13  Spore Crawler  
  73  5:15  Drone x2  
  75  5:21  Drone x2  
  75  5:22  Drone x2  
  75  5:23  Spore Crawler  
  78  5:30  Roach x3  
  78  5:33  Drone x2  
  86  5:38  Drone  
  86  5:39  Drone x3  
  88  5:47  Drone x3  
  87  5:52  Drone  
  87  5:53  Overlord, Drone  
  86  5:57  Overlord  
  86  5:59  Drone  
  85  6:05  Drone x5  
  86  6:13  Drone  
  86  6:14  Drone x2  
  86  6:15  Queen  
  83  6:19  Drone  
  83  6:21  Glial Reconstitution  
  83  6:23  Infestation Pit, Roach x2  
  87  6:28  Roach x2  
  87  6:29  Roach  
  91  6:36  Drone  
  91  6:37  Drone x2  
  91  6:39  Extractor  
  93  6:40  Extractor  
  93  6:45  Drone x3  
  93  6:46  Overseer  
  95  6:48  Evolution Chamber  
  95  6:50  Queen  
  95  6:54  Hatchery  
  95  6:56  Roach  
  95  6:58  Drone x3  
  98  7:01  Overlord  
  98  7:05  Overlord  
  98  7:07  Neural Parasite  
  98  7:10  Overlord  
  98  7:12  Overlord x2  
  98  7:16  Zerg Missile Weapons Level 1  
  98  7:20  Infestor x2  
  98  7:21  Infestor  
  104  7:23  Drone x2  
  104  7:25  Overlord  
  104  7:27  Overlord  
  106  7:30  Roach x2  
  106  7:35  Queen  
  112  7:39  Hive  
  112  7:42  Drone x2  
  112  7:44  Baneling Nest  
  113  7:48  Drone  
  113  7:49  Drone x5  
  117  7:57  Roach x4  
  119  8:14  Spore Crawler  
  119  8:15  Drone  
  119  8:16  Drone x9  
  119  8:17  Spore Crawler  
  127  8:20  Overlord  
  127  8:24  Roach x5  
  137  8:33  Roach x6  
  139  8:37  Extractor  
  139  8:38  Extractor  
  135  8:44  Roach x5  
  135  8:45  Roach  
  147  8:49  Ravager  
  147  8:50  Ravager  
  147  8:51  Ravager  
  148  8:56  Roach x6  
  148  8:57  Overlord x3  
  148  9:01  Overlord  
  152  9:04  Overlord  
  152  9:06  Overlord x2  
  149  9:10  Infestor  
  151  9:22  Roach x9  
  145  9:34  Roach x8  
  122  9:47  Drone x7  
  113  9:54  Queen x2, Drone x2  
  113  9:56  Infestor  
  119  10:01  Drone x3  
  119  10:03  Queen  
  124  10:07  Drone  
  124  10:08  Spore Crawler  
  124  10:09  Infestor, Extractor  
  124  10:10  Ravager  
  124  10:11  Ravager  
  127  10:16  Roach x2  
  117  10:31  Roach x9  
  125  10:37  Roach x3  
  125  10:38  Drone x2  
  125  10:43  Extractor  
  125  10:46  Spore Crawler  
  125  10:47  Spore Crawler, Drone x5  
  123  10:52  Infestor  
  123  10:55  Burrow  
  125  10:58  Drone  
  125  10:59  Drone x2  
  125  11:04  Roach x2  
  130  11:13  Drone x2  
  130  11:14  Drone  
  127  11:19  Roach, Hatchery  
  127  11:20  Roach  
  127  11:22  Infestor  
  126  11:26  Drone x4  
  126  11:32  Zerg Missile Weapons Level 2  
  130  11:36  Infestor  
  130  11:38  Ravager x4  
  136  11:41  Drone  
  136  11:42  Drone x5  
  136  11:45  Queen  
  144  11:53  Ravager x2  
  144  11:54  Ravager x3  
  149  12:05  Roach  
  149  12:06  Roach x6  
  161  12:20  Spine Crawler  
  161  12:21  Roach  
  161  12:22  Roach x9  
  175  12:29  Infestor x5  
  167  12:39  Centrifical Hooks, Drone x3  
  167  12:43  Spore Crawler  
  169  12:44  Extractor  
  169  12:45  Spine Crawler  
  169  12:48  Extractor  
  169  12:49  Spore Crawler x2  
  169  12:51  Roach x4  
  158  13:14  Roach x11  
  169  13:33  Roach  
  169  13:34  Roach x11  
  155  13:39  Roach x3  
  135  13:43  Infestor x2  
  139  13:52  Drone  
  139  13:53  Drone x7  
  147  13:55  Ravager  
  147  13:56  Ravager x5  
  153  14:09  Infestor  
  155  14:14  Spore Crawler  
  155  14:15  Drone x3  
  155  14:16  Extractor  
  155  14:17  Spore Crawler  
  155  14:21  Spire  
  155  14:23  Zergling x8  
  158  14:34  Zergling x2  
  158  14:35  Zergling x16  
  163  14:44  Zergling x16  
  171  14:52  Zergling x14  
  125  15:07  Roach  
  125  15:08  Roach x6  
  127  15:17  Roach  
  127  15:18  Roach x2  
Tags
 
Add a new tag
Caveats
  • Supply blocks, unpowered buildings, or Contaminate may cause inaccurate times.
  • Supply counts are checked every 10 seconds.